 Dungeon Crawl Stone Soup version 0.29.1-1-gd02db6906a (webtiles) character file.

Game seed: 9479149204488050890

70 Colgate the Chiller (level 4, -2/32 HPs)
             Began as a Barachi Ice Elementalist on Oct 11, 2022.
             Was a Follower of Trog.
             Killed by divine providence
             ... invoked by an orc priest
              (12 damage)
             ... on level 3 of the Dungeon.
             The game lasted 00:09:21 (2657 turns).

Colgate the Chiller (Barachi Ice Elementalist)      Turns: 2657, Time: 00:09:21

Health: -2/32      AC:  9    Str: 10    XL:     4   Next: 21%
Magic:  7/7        EV: 10    Int: 17    God:    Trog [*.....]
Gold:   68         SH:  0    Dex: 12    Spells: 3/7 levels left

rFire   . . .      SeeInvis .   a - +0 trident
rCold   . . .      Faith    .   (no shield)
rNeg    . . .      Spirit   .   n - +0 ring mail
rPois   .          Reflect  .   (no helmet)
rElec   .          Harm     .   (no cloak)
rCorr   .          Rampage  .   (no gloves)
Will    .....                   (no boots)
Stlth   +.........              (no amulet)
HPRegen 0.10/turn               i - ring of the Monkey {Fly AC+4 Slay+2}
MPRegen 0.10/turn               (no ring)

@: unable to hop, flying, slow
A: amphibious, slowness 1, strong legs 1, +LOS
a: Hop, Renounce Religion, Berserk


You were on level 3 of the Dungeon.
You worshipped Trog.
Trog was aware of your devotion.
You visited 1 branch of the dungeon, and saw 3 of its levels.

You collected 68 gold pieces.

Inventory:

Hand Weapons
 a - a +0 trident (weapon)
Missiles
 j - 2 throwing nets {!f}
Armour
 m - a +0 robe
 n - a +0 ring mail (worn)
Jewellery
 g - a ring of fire
 i - the ring of the Monkey (left hand) {Fly AC+4 Slay+2}
   (You found it on level 2 of the Dungeon)

   [ring of protection]

   AC:        It affects your AC (+4).
   Slay:      It affects your accuracy & damage with ranged weapons and melee
   (+2).
   Fly:       It grants you flight.
Scrolls
 c - 4 scrolls of identify {unknown}
 f - 2 scrolls of torment {unknown}
 k - a scroll of vulnerability {unknown}
 l - a scroll of teleportation {unknown}
Potions
 b - a potion of magic
 d - a potion of curing {unknown}
 e - a potion of haste {unknown}
 h - a potion of lignification {unknown}


   Skills:
 + Level 1.5 Fighting
 - Level 2.1 Dodging
 - Level 1.7 Stealth
 - Level 2.1 Spellcasting
 - Level 6.5 Ice Magic


You had 3 spell levels left.
You knew the following spells:

 Your Spells              Type           Power      Damage    Failure   Level
a - Freeze                Ice            96%        1d11      3%          1
b - Frozen Ramparts       Ice            48%        1d8       11%         3

Your spell library contained the following spells:

 Spells                   Type           Power      Damage    Failure   Level
 Ozocubu's Armour         Ice            24%        N/A       11%         3
 Shock                    Conj/Air       4%         1d3       45%         1
 Swiftness                Air            1%         N/A       83%         3
 Hailstorm                Conj/Ice       12%        3d5       78%         4
 Metabolic Englaciation   Hex/Ice        6%         N/A       98%         5
 Airstrike                Air            0%         2d(1-17)  99%         4
 Simulacrum               Ice/Necr       6%         N/A       100%        6


Dungeon Overview and Level Annotations

Branches:
Dungeon (3/15)

Altars:
Trog

Annotations:
D:3 1 runed translucent door, Earthwalker's ghost, amateur MiFi


Innate Abilities, Weirdness & Mutations

You are amphibious.
You cover ground slowly.
You can hop short distances.
You have an extended range of vision and can be seen from far away.


Message History

Search for what [Enter for "weapon", or ? for help]? armour Earthwalker's ghost says, "I am made of steel!"
You see here a hobgoblin corpse.
You see here a +0 ring mail.
You start removing your armour.
You continue taking off your +0 robe. x4
You finish taking off your +0 robe.
You start putting on your armour.
You continue putting on your +0 ring mail. x5
You finish putting on your +0 ring mail.
No target in view!
An orc priest and an orc come into view.
Found a pair of boots.
The orc shouts!
An orc comes into view. It is wielding a +0 whip.
The orc priest moves out of view.
An orc comes into view. It is wielding a +0 short sword.
The orc shouts!
The orc priest shouts!
The orc shouts!
An orc comes into view. It is wielding a +0 flail.
The orc shouts!
There are monsters nearby!
You closely miss the orc.
The orc priest invokes the aid of Beogh against you.
Beogh smites you! The orc hits you but does no damage.
The orc attacks as you move away! The orc hits you with a +0 whip.
You reach to attack!
You hit the orc but do no damage. You hit the orc but do no damage.
The orc completely misses you. The orc hits you but does no damage.
The orc attacks as you move away! The orc hits you with a +0 short sword.
You hit the orc but do no damage. The orc hits you but does no damage.
You hit the orc but do no damage. The orc hits you but does no damage. x2
You puncture the orc!
You kill the orc!
Trog accepts your kill.
Hop to where?
Boing!
The orc priest invokes the aid of Beogh against you.
Beogh smites you!
The orc priest invokes the aid of Beogh against you.
Beogh smites you!
You die...

#......#######.#
#......# #.#
#......# #.#
#......# #.#
#####...#.# #.#
#<........# ##.#
#####...### #..#
##.## #.## #@#
#.# #.# #.# #
##.# #.# ##.
#.o# #.#


[oo #.## #.# #o# #o# #.# #o### #o##########.# #..# #o##.........#
##.#.###)##.######### You could see an orc priest and 3 orcs.

Vanquished Creatures
  An adder (D:2)
  2 worms
  3 dart slugs (D:1)
  An orc (D:3)
  7 ball pythons
  2 bats
  6 endoplasms
  2 giant cockroaches
  3 goblins
  7 hobgoblins
  2 kobolds (D:1)
  3 quokkas
  A frilled lizard (D:1)
  2 rats
42 creatures vanquished.

Notes
Turn   | Place    | Note
-------+----------+-------------------------------------------
     0 | D:1      | Colgate the Barachi Ice Elementalist began the quest for
                  | the Orb.
     0 | D:1      | Reached XP level 1. HP: 13/13 MP: 3/3
    41 | D:1      | Reached skill level 5 in Ice Magic
   233 | D:1      | Reached XP level 2. HP: 19/19 MP: 3/5
   971 | D:1      | Reached XP level 3. HP: 20/24 MP: 3/6
   975 | D:1      | Learned a level 3 spell: Frozen Ramparts
  1128 | D:1      | Reached skill level 6 in Ice Magic
  1590 | D:2      | Identified the ring of the Monkey {Fly AC+4 Slay+2}
  2007 | D:2      | Found a faded altar of an unknown god.
  2013 | D:2      | Prayed at the altar of an unknown god.
  2013 | D:2      | Became a worshipper of Trog the Wrathful
  2013 | D:2      | Reached * piety under Trog
  2107 | D:2      | Reached XP level 4. HP: 28/31 MP: 7/7
  2333 | D:1      | Reached skill level 1 in Fighting
  2509 | D:3      | Noticed Earthwalker's ghost (amateur MiFi)
  2538 | D:3      | Found a runed translucent door.
  2657 | D:3      | Killed from afar by an orc priest

Illustrated notes

Levels and vault maps discovered:
D:1:      roderic_chinese_lattice_arrival, layout_basic
D:2:      layout_basic, serial_forest, infiniplex_forest_zigzag_1,
          infiniplex_forest_clump_curved, infiniplex_forest_fountain,
          infiniplex_forest_clump_diagonal, infiniplex_forest_corner_1,
          infiniplex_forest_lined_4_way, infiniplex_forest_clump_curved,
          nicolae_ecumenical_snake_handling
D:3:      layout_loops_ring, nicolae_tso_swordbearing_angel,
          hellmonk_ghost_happy_afterlife, minmay_unequal,
          uniq_crazy_yiuf_cottage

Skill      XL: |  1  2  3  4 |
---------------+-------------+-----
Ice Magic      | 5 6 |  6.5
Fighting       | 1 |  1.5
Dodging        | |  2.1
Stealth        | |  1.7
Spellcasting   | |  2.1

Action                   |  1- 3 |  4- 6 || total
-------------------------+-------+-------++-------
Melee: Trident           |     7 |    38 ||    45
       Unarmed           |     3 |       ||     3
       Punch             |     1 |       ||     1
 Cast: Freeze            |    42 |       ||    42
       Frozen Ramparts   |     3 |       ||     3
 Abil: Hop               |     2 |     1 ||     3
 Stab: Sleeping          |       |     2 ||     2
Armor: Robe              |     6 |     1 ||     7
       Ring mail         |       |     5 ||     5
Dodge: Dodged            |    22 |     5 ||    27
